 Dungeon Crawl Stone Soup version 0.31-a0-1620-gcbf77bbcfc (webtiles) character file.

Game seed: 6492109066934290458

96346 kae the Covert (level 15, -4/115 HPs)
             Began as a Demonspawn Enchanter on Jan 11, 2024.
             Was the Champion of Dithmenos.
             Asphyxiated
             ... on level 1 of the Snake Pit.
             The game lasted 00:27:28 (23572 turns).

kae the Covert (Demonspawn Enchanter)              Turns: 23572, Time: 00:27:29

Health: -4/115     AC: 35    Str: 10    XL:     15   Next: 68%
Magic:  28/28      EV: 12    Int: 19    God:    Dithmenos [******]
Gold:   2880       SH: 10    Dex: 29    Spells: 14/32 levels left

rFire   x . .        a - +7 rapier (drain)
rCold   + + .        (no shield)
rNeg    . . .        I - +12 ice dragon scales "Daocefob" {rF- rC++ Str+2 Int+2 Dex+3 SInv Stlth-}
rPois   .            n - +2 helmet
rElec   .            (no cloak)
rCorr   .            f - +2 pair of gloves
SInv    +            (no boots)
Will    +....        g - amulet of regeneration
Stlth   +++++++      v - ring of see invisible
HPRegen 1.19/turn    D - +6 ring of dexterity
MPRegen 0.21/turn

%: no passive effects
@: lethally poisoned (-4 -> -99), slowed, wreathed by umbra, studying Ice Magic,
very slow
A: claws 1, large bone plates 2, icemail 1, spiny 2, condensation shield
a: Renounce Religion, Shadow Step, Shadow Form


You were on level 1 of the Snake Pit.
You worshipped Dithmenos.
Dithmenos was exalted by your worship.
You visited 4 branches of the dungeon, and saw 23 of its levels.
You also visited: Sewer, Ossuary, Bailey and Ice Cave.

You collected 3311 gold pieces.
You spent 431 gold pieces at shops.


Innate Abilities, Weirdness & Mutations

You have sharp fingernails.
You are mostly covered in large bone plates. (SH +6)
A meltable icy envelope protects you from harm. (AC +4)
You are mostly covered in sharp spines.
A meltable shield of frost defends you. (SH +4)


   Skills:
 + Level 9.7 Fighting
 * Level 12.4 Short Blades
 + Level 8.4 Armour
 + Level 6.4 Dodging
 * Level 13.7 Stealth
 + Level 9.2 Spellcasting
 + Level 10.1 Hexes
 - Level 5.0 Ice Magic
 + Level 8.6 Invocations


You had 14 spell levels left.
You knew the following spells:

 Your Spells              Type           Power      Damage    Failure   Level
a - Ensorcelled Hibernat  Hex/Ice        74%        N/A       3%          2
b - Confusing Touch       Hex            47%        N/A       2%          3
c - Tukima's Dance        Hex            47%        N/A       2%          3
d - Dazzling Flash        Conj/Hex       56%        N/A       22%         3
e - Sigil of Binding      Hex            47%        N/A       2%          3
f - Slow                  Hex            100%       N/A       1%          1
g - Passwall              Erth           8%         N/A       86%         3

Your spell library contained the following spells:

 Spells                   Type           Power      Damage    Failure   Level
 Frozen Ramparts          Ice            54%        1d9       22%         3
 Ozocubu's Armour         Ice            27%        N/A       22%         3
 Magic Dart               Conj           32%        1d4       50%         1
 Sandblast                Erth           16%        2d6       50%         1
 Hailstorm                Conj/Ice       18%        3d7       52%         3
 Summon Ice Beast         Ice/Summ       18%        N/A       52%         3
 Metabolic Englaciation   Hex/Ice        18%        N/A       56%         5
 Blink                    Tloc           16%        N/A       65%         2
 Call Imp                 Summ           16%        N/A       65%         2
 Sublimation of Blood     Necr           8%         N/A       65%         2
 Stone Arrow              Conj/Erth      16%        3d8       86%         3
 Teleport Other           Tloc           8%         N/A       86%         3
 Vampiric Draining        Necr           8%         2d6       86%         3
 Animate Dead             Necr           8%         N/A       99%         4
 Brom's Barrelling Bould  Conj/Erth      8%         2d3       99%         4
 Olgreb's Toxic Radiance  Alch           8%         N/A       99%         4
 Petrify                  Alch/Erth      8%         N/A       99%         4
 Vhi's Electric Charge    Tloc/Air       16%        N/A       99%         4
 Freezing Cloud           Conj/Ice/Air   7%         6-21      100%        5
 Irradiate                Conj/Alch      4%         3d13      100%        5
 Summon Forest            Summ/Tloc      4%         N/A       100%        5
 Eringya's Noxious Bog    Alch           4%         4d6       100%        6
 Sculpt Simulacrum        Ice/Alch       9%         N/A       100%        6
 Haunt                    Necr/Summ      4%         N/A       100%        7
 Ozocubu's Refrigeration  Ice            13%        4d10      100%        7
 Summon Hydra             Summ           4%         N/A       100%        7
 Discord                  Hex            23%        N/A       100%        8
 Infestation              Necr           4%         N/A       100%        8

Inventory:

Hand Weapons
 a - a +7 rapier of draining (weapon)
   (You took it off a spriggan in a bailey)
 b - a +1 dagger of draining
   (You took it off a goblin on level 2 of the Dungeon)
 k - the +11 shortbow of Zozoloner {drain, rN++ Str-3 Stlth+}
   (You found it in an ice cave)

   Str-3:     It affects your strength (-3).
   rN++:      It greatly protects you from negative energy.
   Stlth+:    It makes you more stealthy.
Armour
 f - a +2 pair of gloves (worn)
   (You found it on level 1 of the Dungeon)
 n - a +2 helmet (worn)
   (You found it on level 2 of the Dungeon)
 o - a +5 ring mail of cold resistance
   (You found it on level 3 of the Dungeon)
 I - the +12 ice dragon scales "Daocefob" (worn) {rF- rC++ Str+2 Int+2 Dex+3 SInv Stlth-}
   (You found it in an ice cave)

   Str+2:     It affects your strength (+2).
   Int+2:     It affects your intelligence (+2).
   Dex+3:     It affects your dexterity (+3).
   rF-:       It makes you vulnerable to fire.
   rC++:      It greatly protects you from cold.
   SInv:      It lets you see invisible.
   Stlth-:    It makes you less stealthy.
Magical Staves
 s - the staff "Ruageybo" {rElec rPois rF- Fire Air, !a}
   (You found it in an ice cave)

   [staff of air]

   Base accuracy: +5 Base damage: 5 Base attack delay: 1.2 This weapon's minimum
   attack delay (0.6) is reached at skill level 12.
   rF-:       It makes you vulnerable to fire.
   rElec:     It insulates you from electricity.
   rPois:     It protects you from poison Fire: It increases the power of your
   Fire spells.
   Air:       It increases the power of your Air spells.
   It falls into the 'Staves' category.
   It is a one-handed weapon.
Jewellery
 g - an amulet of regeneration (around neck)
   (You found it on level 3 of the Lair of Beasts)
 v - a ring of see invisible (left hand)
   (You found it on level 7 of the Dungeon)
 y - an amulet of reflection
   (You found it on level 5 of the Dungeon)
 A - an amulet of the acrobat
   (You found it on level 6 of the Dungeon)
 D - a +6 ring of dexterity (right hand)
   (You found it on level 3 of the Lair of Beasts)
 E - a +5 ring of evasion
   (You found it on level 1 of the Lair of Beasts)
 G - an amulet of guardian spirit
   (You found it on level 15 of the Dungeon)
 L - a ring of flight
   (You found it on level 7 of the Dungeon)
 O - a +4 ring of protection
   (You found it on level 1 of the Snake Pit)
 P - a ring of poison resistance
   (You found it on level 13 of the Dungeon)
 R - a ring of resist corrosion
   (You found it on level 7 of the Dungeon)
Wands
 e - a wand of digging (7)
   (You found it on level 4 of the Lair of Beasts)
 q - a wand of mindburst (23)
   (You took it off Ijyb on level 3 of the Dungeon)
 t - a wand of light (13)
   (You found it on level 4 of the Dungeon)
 M - a wand of flame (24)
   (You found it on level 9 of the Dungeon)
 T - a wand of iceblast (19)
   (You took it off Psyche on level 10 of the Dungeon)
 W - a wand of charming (14)
   (You found it on level 6 of the Dungeon)
Scrolls
 d - 10 scrolls of teleportation {@r4}
 m - 2 scrolls of amnesia
 x - a scroll of immolation {!r!r}
 B - 4 scrolls of fog
 K - a scroll of silence {!r}
 N - a scroll of poison {!r}
 U - 5 scrolls of blinking {!r}
 V - 3 scrolls of fear
 X - a scroll of revelation
 Y - 3 scrolls of identify {@r1}
Potions
 c - 4 potions of invisibility
 h - 8 potions of enlightenment
 i - a potion of magic
 j - 8 potions of heal wounds {@q2}
 l - 7 potions of haste {@q3}
 p - 18 potions of curing {@q1}
 r - 3 potions of lignification {!q}
 u - 4 potions of attraction {!q}
 w - 2 potions of mutation {!q}
 z - 3 potions of might
 C - 3 potions of berserk rage {!q}
 H - 4 potions of brilliance
 Q - a potion of resistance
 S - 3 potions of ambrosia
Miscellaneous
 F - a tin of tremorstones (2/2)
   (You found it on level 7 of the Dungeon)
 J - a phantom mirror
   (You found it on level 7 of the Dungeon)
 Z - a lightning rod (4/4)
   (You found it on level 2 of the Lair of Beasts)

Dungeon Overview and Level Annotations

Branches:
Dungeon (15/15) Zot: 25887  Temple (0/1) D:5            Lair (5/5) D:8 Zot: 24773
 Shoals (0/4) Lair:3        Snake (1/4) Lair:3 Zot: 5929   Slime (0/5) Lair:4
    Orc (2/2) D:9 Zot: 10900     Elf (0/3) Orc:2        Vaults (0/5) D:13
 Depths (0/4) D:15          Sewer (visited)         Ossuary (visited)
 Bailey (visited)           IceCv (visited)

Altars:
Cheibriados
Dithmenos
Fedhas
Hepliaklqana
Okawaru
Qazlal
Ru
Sif Muna
Uskayaw
Vehumet
Xom

Shops:
D:9 (   Orc:2 =?[(

Portals:
Abyss: Lair:4
Trove: D:10 (give +2 gold dragon scales)

Annotations:
D:3 exclusion: statue
D:8 2 transporters
D:12 2 transporters, Flugslaktarn's ghost, journeyman MiFi
D:15 3 runed translucent doors, Kusiby's ghost, journeyman GrEE
Lair:4 2 transporters, Zenatt's ghost, journeyman TrFi

#..# .N.. #... #..N#
#...#### #..N...#
#...Sā€ .### #ā€
@.}.#######
#......##.).#...###
#......####)#.....#
........##......[..#
.##......#.........#
#...##..........##
#.... ##......##.#
#.... #.....###<#
##...## #.######


You could see 2 naga sharpshooters, a naga ritualist (toxic aura) and a black
mamba (curare, drained).


Message History

The black mamba bites you but does no damage.
You barely miss the mana viper. You block the mana viper's attack.
The black mamba bites you but does no damage. šŸ˜• HP[+2]
You regained 2 hp, and now have 104/115 hp.
You impale the mana viper!! You drain the mana viper!
You kill the mana viper!
Dithmenos accepts your kill.
The black mamba bites you but does no damage.
You closely miss the black mamba.
Your shadow hits the black mamba with a rapier.
The naga ritualist utters an invocation to its god.
The naga ritualist begins to radiate toxic energy.
You are poisoned.
The black mamba is struck by your spines.
The black mamba misses you. šŸ˜• HP[-3]
You take 3 damage, and now have 101/115 hp.
You hit the black mamba. You drain the black mamba.
Your shadow hits the black mamba but does no damage.
You feel sick.
You are more poisoned.
You block the black mamba's attack.
The black mamba is struck by your spines.
The black mamba misses you.
The black mamba is struck by your spines.
The black mamba bites you but does no damage.
You miss the black mamba.
You feel sick. You block the black mamba's attack.
The black mamba is struck by your spines.
The black mamba closely misses you.
The black mamba is struck by your spines.
The black mamba bites you but does no damage.
A naga sharpshooter comes into view. It is wielding a +0 flail. šŸ˜• HP[-6]
You take 6 damage, and now have 95/115 hp.
You closely miss the black mamba.
You feel sick.
You are more poisoned.
The black mamba is struck by your spines.
The black mamba bites you.
You are more poisoned.
The black mamba poisons you!
The black mamba is struck by your spines.
The black mamba bites you but does no damage.
The black mamba bites you.
You are more poisoned.
You have difficulty breathing.
You feel yourself slow down.
You are too injured to fight recklessly! šŸ˜® HP[-18]
You take 18 damage, and now have 77/115 hp.
The naga sharpshooter shouts!
You impale the black mamba!!
You kill the black mamba!
Dithmenos accepts your kill.
You feel extremely sick.
* * * LOW HITPOINT WARNING * * *
You are more poisoned.
The black mamba bites you but does no damage.
You block the black mamba's attack.
The black mamba is struck by your spines.
The black mamba bites you!
* * * LOW HITPOINT WARNING * * *
The naga sharpshooter unwields a +0 flail.
The naga sharpshooter wields a +2 shortbow of flaming.
It bursts into flame!
The naga sharpshooter gestures wildly while chanting.
The naga sharpshooter magically shoots an arrow.
The arrow closely misses you.
The black mamba bites you but does no damage.
You hear a shout!
You closely miss the black mamba.
* * * LOW HITPOINT WARNING * * *
You feel extremely sick.
* * * LOW HITPOINT WARNING * * *
You are more poisoned.
The black mamba is struck by your spines.
The black mamba bites you.
* * * LOW HITPOINT WARNING * * *
You are more poisoned.
The black mamba poisons you! You block the black mamba's attack.
The naga ritualist barely misses you.
The black mamba is struck by your spines.
You kill the black mamba!
Dithmenos accepts your kill. šŸ˜± HP[-51]
You take 51 damage, and now have 26/115 hp.
MASSIVE DAMAGE!! (PAUSE)
You hit the black mamba. You drain the black mamba.
Your shadow hits the black mamba with a rapier.
* * * LOW HITPOINT WARNING * * *
You feel extremely sick.
* * * LOW HITPOINT WARNING * * *
You are more poisoned.
You block the black mamba's attack.
A naga sharpshooter comes into view. It is wielding a +0 war axe.
The black mamba bites you.
* * * LOW HITPOINT WARNING * * *
You are more poisoned.
You have difficulty breathing.
You die...

Skill      XL: |  1  2  3  4  5  6  7  8  9 10 11 12 13 14 15 |
---------------+----------------------------------------------+-----
Short Blades   | 1 2 3 4 5 6 7 8 9 10 11 12 | 12.4
Stealth        | 3 4 5 6 7 8 10 11 12 13 | 13.7
Fighting       | 1 2 3 4 5 6 7 8 9 |  9.7
Ice Magic      | 1 2 3 4 5 |  5.0
Spellcasting   | 3 4 5 6 7 8 9 |  9.2
Hexes          | 4 5 6 7 8 9 10 | 10.1
Armour         | 1 2 3 4 5 6 7 8 |  8.4
Dodging        | 3 4 5 6 |  6.4
Invocations    | 3 5 7 8 |  8.6

Action                     |  1- 3 |  4- 6 |  7- 9 | 10-12 | 13-15 || total
---------------------------+-------+-------+-------+-------+-------++-------
  Melee: Dagger            |   149 |   110 |   445 |   209 |       ||   913
         Punch             |     1 |     3 |     6 |    10 |    17 ||    37
         Rapier            |       |       |       |   377 |  1438 ||  1815
   Fire: Shortbow          |       |       |       |       |    15 ||    15
  Throw: Stone             |       |       |       |       |     1 ||     1
   Cast: Ensorcelled Hiber |     8 |     2 |    20 |    38 |    34 ||   102
         Confusing Touch   |       |     2 |     5 |    13 |    10 ||    30
         Sigil of Binding  |       |       |       |       |     1 ||     1
 Invoke: Shadow Form       |       |       |       |       |     3 ||     3
  Evoke: Wand              |       |       |       |       |     1 ||     1
    Use: Scroll            |     7 |     1 |     7 |    12 |     9 ||    36
         Potion            |       |       |       |     2 |     2 ||     4
   Stab: Sleeping          |     5 |     4 |    26 |    42 |    70 ||   147
         Confused          |       |     1 |     5 |    10 |     8 ||    24
         Distracted        |       |       |     1 |     2 |     1 ||     4
         Invisible         |       |       |       |     7 |    48 ||    55
 Armour: Robe              |    82 |    40 |    70 |       |       ||   192
         Ring mail         |       |       |    79 |   257 |   131 ||   467
         Ice dragon scales |       |       |       |       |   628 ||   628
  Dodge: Dodged            |    63 |    46 |   124 |   180 |   544 ||   957
  Block: Other             |    21 |    18 |   104 |   263 |   526 ||   932
         Reflection        |       |       |       |     7 |       ||     7

Levels and vault maps discovered:
D:1:      lightli_arrival_farm, layout_rooms,
          hellmonk_ecumenical_altar_heavens_door, minmay_misc_feat_chi,
          solitary_fountain
D:2:      minmay_recursive_quarters, layout_basic
D:3:      layout_loops_cross, vehumet_statue, jmf_multi_god_temple,
          portal_sewer_entry_b, uniq_grinder, uniq_robin, uniq_ijyb
D:4:      layout_basic, nicolae_qazlal_beasts_of_the_sky,
          mainiacjoe_overflow_alcove_1, eino_tiny_chamber, dk_vineyard_2,
          uniq_menkaure
D:5:      layout_basic, minmay_temple_entry_statues_pillars, uniq_prince_ribbit1
D:6:      layout_loops_ring
D:7:      minmay_the_grid_four_pointed_star
          [minmay_the_grid_triangle_9x9_thin_v,
          minmay_the_grid_triangle_9x9_steps,
          minmay_the_grid_triangle_9x9_fully_insulated_deathbox,
          minmay_the_grid_triangle_9x9_corrupted_corridor,
          minmay_the_grid_prize_trominoes], layout_loops_cross,
          nicolae_ossuary_entry_monument
D:8:      gammafunk_boulding_lane, layout_basic, nicolae_ru_awakened_eye,
          kennysheep_little_box, kennysheep_mini, lair_entry_dummy,
          enter_bailey_5
D:9:      layout_irregular_city, orc_david_3, gammafunk_ghost_split,
          roderic_roman_lattice, roderic_lattice_a
D:10:     layout_stronghold, mainiacjoe_overflow_alcove_2, enter_trove_6,
          uniq_joseph, uniq_psyche
D:11:     layout_basic, uniq_grum
D:12:     layout_basic, gammafunk_ghost_berserking_beasts
D:13:     layout_roguey, grunt_vaults_entry_tiered
D:14:     layout_stronghold
D:15:     gammafunk_enter_depths_forms, layout_rooms, gammafunk_ghost_split,
          dancing_weapons_uskayaw
Lair:1:   layout_concentric_octagons, basic_altar
Lair:2:   layout_gridlike, chequers_serial_rivers_micro_e,
          nicolae_lair_grazing_beasts [nicolae_sub_lair_graze_edge,
          nicolae_sub_lair_graze_edge, nicolae_sub_lair_graze_edge,
          nicolae_sub_lair_graze_edge], lemuel_fruit_tree,
          infiniplex_staircase_pool_2
Lair:3:   layout_gridlike, shoals_dummy_entry, alex1729_snake_entry_snake,
          portal_ice_cave_entry_ice_simulacra, pf_torpor_hydra,
          wad_woods_river_01, serial_bayou_shore_a, infiniplex_staircase_pool
Lair:4:   layout_gridlike, dpeg_slime_entry_enclosed,
          gammafunk_ghost_abyssal_escape, basic_altar, minivault_11,
          grunt_megastairs_1
Lair:5:   minmay_lair_end_enchanted_forest, layout_hall_layers
Snake:1:  nicolae_snake_unarmed_stairs_patrol, layout_misc_corridors
Orc:1:    layout_diamond_mine
Orc:2:    grunt_orc_tribal_feast, layout_caves, serial_shops,
          nicolae_shop_gaudy_bauble, uniq_maurice

Notes
Turn   | Place    | Note
-------+----------+-------------------------------------------
     0 | D:1      | kae the Demonspawn Enchanter began the quest for the Orb.
     0 | D:1      | Reached XP level 1. HP: 13/13 MP: 3/3
     0 | D:1      | magus.rc [v1.11.3]
    42 | D:1      | Reached skill level 1 in Short Blades
   121 | D:1      | HP: 3/13 [rat (2)]
   195 | D:1      | Gained mutation: A meltable shield of frost defends you.
                  | (SH +4) [demonic ancestry]
   195 | D:1      | Reached XP level 2. HP: 19/19 MP: 5/5
   207 | D:1      | Learned a level 2 spell: Ensorcelled Hibernation
   293 | D:1      | Found a faded altar of an unknown god.
   304 | D:1      | Reached skill level 3 in Stealth
   722 | D:2      | You pick up a book of Debilitation and begin reading...
   722 | D:2      | You add the spells Slow, Sigil of Binding and Vampiric
                  | Draining to your library.
   768 | D:2      | Gained mutation: You are partially covered in sharp spines.
                  | [demonic ancestry]
   768 | D:2      | Reached XP level 3. HP: 18/25 MP: 6/6
   858 | D:2      | Reached skill level 1 in Fighting
  1391 | D:3      | Learned a level 3 spell: Confusing Touch
  1395 | D:3      | Noticed Robin
  1440 | D:2      | Killed Robin
  1441 | D:2      | Gained mutation: You are mostly covered in sharp spines.
                  | [demonic ancestry]
  1441 | D:2      | Reached XP level 4. HP: 30/31 MP: 4/7
  1566 | D:3      | Noticed Ijyb
  1621 | D:3      | Found a glowing drain.
  1650 | D:3      | Reached skill level 2 in Short Blades
  1659 | Sewer    | Entered a sewer
  1772 | Sewer    | Noticed a kobold brigand
  1785 | Sewer    | Killed a kobold brigand
  1786 | Sewer    | Reached skill level 1 in Ice Magic
  1786 | Sewer    | Gained mutation: A meltable icy envelope protects you from
                  | harm. (AC +4) [demonic ancestry]
  1786 | Sewer    | Reached XP level 5. HP: 38/38 MP: 7/9
  1795 | Sewer    | Reached skill level 4 in Stealth
  1795 | Sewer    | Reached XP level 6. HP: 44/44 MP: 7/10
  1880 | D:3      | Learned a level 3 spell: Tukima's Dance
  1954 | D:3      | Found a radiant altar of Vehumet.
  2003 | D:3      | Noticed Grinder
  2038 | D:3      | Killed Grinder
  2039 | D:3      | Reached skill level 2 in Fighting
  2039 | D:3      | Reached skill level 3 in Short Blades
  2039 | D:3      | Reached skill level 3 in Spellcasting
  2058 | D:3      | Killed Ijyb
  2060 | D:3      | Found a shimmering blue altar of Sif Muna.
  2113 | D:3      | You pick up a book of Geomancy and begin reading...
  2113 | D:3      | You add the spells Sandblast, Passwall, Stone Arrow and
                  | Brom's Barrelling Boulder to your library.
  2130 | D:3      | Found a snail-covered altar of Cheibriados.
  2422 | D:3      | Reached XP level 7. HP: 41/51 MP: 11/11
  2555 | D:3      | Learned a level 3 spell: Dazzling Flash
  2785 | D:4      | Noticed Menkaure
  2809 | D:4      | Killed Menkaure
  2810 | D:4      | Reached skill level 4 in Hexes
  2810 | D:4      | Reached skill level 2 in Ice Magic
  2952 | D:4      | Reached skill level 5 in Stealth
  2994 | D:4      | Reached skill level 1 in Armour
  3302 | D:4      | Found a shadowy altar of Dithmenos.
  3347 | D:4      | Became a worshipper of Dithmenos the Shadowed
  3371 | D:4      | Found a stormy altar of Qazlal.
  3393 | D:4      | Reached skill level 3 in Fighting
  3393 | D:4      | Reached skill level 4 in Short Blades
  3393 | D:4      | Reached XP level 8. HP: 58/58 MP: 13/13
  3514 | D:5      | Entered Level 5 of the Dungeon
  3700 | D:5      | Found a staircase to the Ecumenical Temple.
  3848 | D:5      | Noticed Prince Ribbit
  3851 | D:5      | Killed Prince Ribbit
  3873 | D:5      | Reached * piety under Dithmenos
  4060 | D:5      | Reached skill level 2 in Armour
  4060 | D:5      | Reached skill level 4 in Spellcasting
  4082 | D:5      | Reached skill level 3 in Ice Magic
  4084 | D:5      | Reached skill level 6 in Stealth
  4425 | D:6      | Reached skill level 5 in Short Blades
  4447 | D:6      | Gained mutation: You have sharp fingernails. [demonic
                  | ancestry]
  4447 | D:6      | Reached XP level 9. HP: 46/65 MP: 7/15
  4667 | D:6      | Reached skill level 4 in Fighting
  4667 | D:6      | Reached skill level 5 in Hexes
  5082 | D:7      | Noticed a troll
  5082 | D:7      | Noticed a gargoyle
  5082 | D:7      | Noticed a two-headed ogre
  5082 | D:7      | Found a runed translucent door.
  5106 | D:7      | Found a sand-covered staircase.
  5120 | D:7      | Reached ** piety under Dithmenos
  5127 | Ossuary  | Entered an ossuary
  5725 | D:7      | Reached *** piety under Dithmenos
  5726 | D:7      | Reached skill level 3 in Armour
  5731 | D:7      | Reached skill level 7 in Stealth
  5742 | D:7      | Reached skill level 6 in Short Blades
  5853 | D:7      | Noticed a cyclops
  5856 | D:7      | Noticed a komodo dragon
  5866 | D:7      | Reached skill level 4 in Ice Magic
  5873 | D:7      | Killed a cyclops
  5874 | D:7      | Reached skill level 5 in Spellcasting
  5874 | D:7      | Gained mutation: You are partially covered in large bone
                  | plates. (SH +4) [demonic ancestry]
  5874 | D:7      | Reached XP level 10. HP: 61/73 MP: 6/17
  5877 | D:7      | Reached skill level 5 in Fighting
  5885 | D:7      | You pick up a book of Winter and begin reading...
  5885 | D:7      | You add the spells Ozocubu's Armour, Metabolic Englaciation
                  | and Sculpt Simulacrum to your library.
  5908 | D:7      | Killed a two-headed ogre
  5992 | D:7      | Found a runed translucent door.
  5995 | D:7      | Found a runed translucent door.
  6084 | D:7      | You add the spells Frozen Ramparts, Teleport Other, Vhi's
                  | Electric Charge and Freezing Cloud to your library.
  6084 | D:7      | Got Enoin's Collected Works on the Polar Blink Frog
  6398 | D:7      | Reached skill level 8 in Stealth
  6398 | D:7      | Reached skill level 6 in Hexes
  6409 | D:7      | Reached skill level 4 in Armour
  6422 | D:7      | Reached skill level 7 in Short Blades
  6446 | D:7      | Killed a gargoyle
  6835 | D:8      | Found a staircase to the Lair.
  6909 | D:8      | Reached **** piety under Dithmenos
  6913 | D:8      | Found a flagged portal.
  6944 | Bailey   | Entered a bailey
  7072 | Bailey   | Reached XP level 11. HP: 78/81 MP: 15/19
  7104 | Bailey   | Noticed a two-headed ogre
  7113 | Bailey   | Killed a two-headed ogre
  7114 | Bailey   | Reached skill level 5 in Ice Magic
  7349 | Bailey   | Reached skill level 6 in Fighting
  7594 | D:8      | Found a hazy altar of Hepliaklqana.
  7607 | D:8      | Found a transporter.
  7608 | D:8      | Found a transporter.
  7608 | D:8      | Noticed a boulder beetle
  7665 | D:8      | Found a sacrificial altar of Ru.
  7753 | D:8      | Found a blossoming altar of Fedhas.
  8105 | D:9      | Noticed Solx's ghost (journeyman FoHu)
  8106 | D:9      | Noticed a centaur warrior
  8107 | D:9      | Found a runed translucent gate.
  8107 | D:9      | Found a runed translucent gate.
  8111 | D:9      | Found a runed translucent gate.
  8120 | D:9      | Reached skill level 9 in Stealth
  8398 | D:9      | Noticed a two-headed ogre
  8400 | D:9      | Found a staircase to the Orcish Mines.
  8414 | D:9      | Killed a two-headed ogre
  8415 | D:9      | Reached skill level 6 in Spellcasting
  8415 | D:9      | HP: 19/81 [orc warrior/+0 flail (5)]
  8427 | D:9      | Reached skill level 8 in Short Blades
  8598 | D:9      | Found Exka's Weapon Shoppe.
  9131 | D:10     | Entered Level 10 of the Dungeon
  9131 | D:10     | Noticed a two-headed ogre
  9137 | D:10     | Killed a two-headed ogre
  9141 | D:10     | Found an iron altar of Okawaru.
  9301 | D:10     | Reached skill level 5 in Armour
  9335 | D:10     | Reached skill level 7 in Hexes
  9432 | D:10     | Found a portal to a secret trove of treasure.
  9724 | D:10     | Noticed Joseph
  9731 | D:10     | Killed Joseph
  9918 | D:10     | Noticed Psyche
  9925 | D:10     | Killed Psyche
 10012 | D:11     | Noticed Grum
 10048 | D:11     | Killed Grum
 10238 | D:11     | Reached skill level 10 in Stealth
 10283 | D:11     | Reached XP level 12. HP: 86/89 MP: 18/21
 10611 | D:11     | Reached ***** piety under Dithmenos
 10865 | D:12     | Found a transporter.
 10869 | D:12     | Reached skill level 9 in Short Blades
 10886 | D:12     | Noticed a two-headed ogre
 10888 | D:12     | Killed a two-headed ogre
 10889 | D:12     | Reached skill level 7 in Fighting
 10889 | D:12     | Reached skill level 2 in Dodging
 10889 | D:12     | Reached skill level 1 in Invocations
 10909 | D:12     | Noticed Flugslaktarn's ghost (journeyman MiFi)
 10940 | D:12     | Found a transporter.
 10989 | D:12     | Noticed a two-headed ogre
 10999 | D:12     | Killed a two-headed ogre
 11443 | D:12     | You pick up a book of the Tundra and begin reading...
 11443 | D:12     | You add the spells Hailstorm and Summon Ice Beast to your
                  | library.
 11449 | D:12     | You pick up a book of Transmutation and begin reading...
 11449 | D:12     | You add the spells Sublimation of Blood, Petrify and
                  | Irradiate to your library.
 11513 | D:12     | Noticed a centaur warrior
 11520 | D:12     | Killed a centaur warrior
 11521 | D:12     | Reached skill level 2 in Invocations
 11740 | D:13     | Noticed a centaur warrior
 11747 | D:13     | Killed a centaur warrior
 11875 | D:13     | Reached skill level 6 in Armour
 11896 | D:13     | Reached skill level 7 in Spellcasting
 11917 | D:13     | Reached skill level 3 in Invocations
 11928 | D:13     | Reached skill level 3 in Dodging
 12016 | D:13     | Found a gate to the Vaults.
 12016 | D:13     | Noticed a vault guard
 12016 | D:13     | Noticed a vault guard
 12016 | D:13     | Noticed a vault guard
 12035 | D:13     | Killed a vault guard
 12044 | D:13     | Killed a vault guard
 12050 | D:13     | Reached skill level 11 in Stealth
 12050 | D:13     | Reached skill level 8 in Hexes
 12170 | D:13     | Killed a vault guard
 12268 | D:13     | You pick up a book of Minor Magic and begin reading...
 12268 | D:13     | You add the spells Magic Dart, Blink and Call Imp to your
                  | library.
 12399 | D:13     | Noticed a tengu warrior
 12406 | D:13     | Gained mutation: You are mostly covered in large bone
                  | plates. (SH +6) [demonic ancestry]
 12406 | D:13     | Reached XP level 13. HP: 98/98 MP: 23/23
 12409 | D:13     | Reached skill level 4 in Invocations
 12571 | D:13     | You add the spells Olgreb's Toxic Radiance, Ozocubu's
                  | Refrigeration and Discord to your library.
 12609 | D:13     | Reached skill level 10 in Short Blades
 12760 | D:13     | Identified a scroll of acquirement
 12760 | D:13     | Acquired 772 gold pieces
 12766 | D:13     | Learned a level 3 spell: Sigil of Binding
 12768 | D:13     | Learned a level 1 spell: Slow
 12772 | D:13     | Learned a level 3 spell: Passwall
 12926 | Lair:1   | Entered Level 1 of the Lair of Beasts
 12991 | Lair:1   | You pick up a book of Death and begin reading...
 12991 | Lair:1   | You add the spells Animate Dead, Haunt and Infestation to
                  | your library.
 13041 | Lair:1   | Found a sacrificial altar of Ru.
 14204 | Lair:2   | Reached skill level 8 in Fighting
 14535 | Lair:2   | Reached skill level 4 in Dodging
 14722 | Lair:2   | Reached skill level 5 in Invocations
 15179 | Lair:3   | Found a staircase to the Shoals.
 15251 | Lair:3   | Found a runed translucent door.
 15296 | Lair:3   | Found a frozen archway.
 15329 | IceCv    | Entered an ice cave
 15409 | IceCv    | Reached ****** piety under Dithmenos
 15645 | IceCv    | Reached skill level 7 in Armour
 15645 | IceCv    | Reached skill level 12 in Stealth
 16013 | IceCv    | Reached skill level 8 in Spellcasting
 16043 | IceCv    | Noticed a frost giant
 16052 | IceCv    | Reached XP level 14. HP: 87/106 MP: 26/26
 16067 | IceCv    | HP: 24/106 [frost giant/+1 battleaxe of freezing (3)]
 16071 | IceCv    | Killed a frost giant
 16076 | IceCv    | Reached skill level 6 in Invocations
 16303 | IceCv    | Identified the staff "Ruageybo" {rElec rPois rF- Fire Air}
 16310 | IceCv    | Identified the +11 shortbow of Zozoloner {drain, rN++ Str-3
                  | Stlth+}
 16316 | IceCv    | Identified the +12 ice dragon scales "Daocefob" {rF- rC++
                  | Str+2 Int+2 Dex+3 SInv Stlth-}
 16780 | Lair:3   | Reached skill level 9 in Hexes
 16786 | Lair:3   | Found a staircase to the Snake Pit.
 16979 | Lair:3   | Reached skill level 11 in Short Blades
 17040 | Lair:3   | You pick up a book of Minor Magic and begin reading...
 17546 | Lair:4   | Reached skill level 5 in Dodging
 17601 | Lair:4   | Found a shimmering altar of Xom.
 17853 | Lair:4   | Found a staircase to the Slime Pits.
 17945 | Lair:4   | Found a transporter.
 17947 | Lair:4   | Found a one-way gate to the infinite horrors of the Abyss.
 17947 | Lair:4   | Noticed Zenatt's ghost (journeyman TrFi)
 17962 | Lair:4   | Found a transporter.
 18007 | Lair:4   | Noticed a tentacled starspawn
 18155 | Lair:5   | Entered Level 5 of the Lair of Beasts
 18640 | Lair:5   | Reached skill level 9 in Fighting
 18691 | Lair:5   | Reached skill level 7 in Invocations
 18700 | Lair:5   | Paralysed by a hornet for 2 turns
 18729 | Lair:5   | You add the spells Summon Forest, Eringya's Noxious Bog and
                  | Summon Hydra to your library.
 18814 | Lair:5   | Identified the blade talisman of Omission {rF+ rN++ Dex-3
                  | SInv}
 20450 | D:14     | Reached skill level 13 in Stealth
 21030 | D:15     | Entered Level 15 of the Dungeon
 21092 | D:15     | Reached XP level 15. HP: 98/113 MP: 27/27
 21348 | D:15     | Reached skill level 8 in Armour
 21385 | D:15     | Found a staircase to the Depths.
 21464 | D:15     | Noticed Kusiby's ghost (journeyman GrEE)
 21474 | D:15     | Found a hide-covered altar of Uskayaw.
 21503 | D:15     | Reached skill level 12 in Short Blades
 21572 | D:15     | Identified the +1 leather armour "Oweder" {Will++ Regen+
                  | rCorr Int-5}
 21726 | D:15     | Found a runed translucent gate.
 21726 | D:15     | Found a runed translucent gate.
 21744 | D:15     | Reached skill level 6 in Dodging
 21751 | D:15     | Found a runed translucent gate.
 21957 | Orc:1    | Entered Level 1 of the Orcish Mines
 22050 | Orc:1    | Reached skill level 8 in Invocations
 22527 | Orc:2    | Entered Level 2 of the Orcish Mines
 22559 | Orc:2    | Reached skill level 9 in Spellcasting
 22623 | Orc:2    | Noticed Maurice
 22636 | Orc:2    | Killed Maurice
 22646 | Orc:2    | Reached skill level 10 in Hexes
 22724 | Orc:2    | Found a staircase to the Elven Halls.
 22825 | Orc:2    | Found Geiwk's Jewellery Shoppe.
 23033 | Orc:2    | Found Zotrofip's Magic Scroll Emporium.
 23033 | Orc:2    | Found Xeuhick's Antique Weapon Shop.
 23035 | Orc:2    | Found Hisul's Distillery.
 23035 | Orc:2    | Found Seceir's Antique Armour Shop.
 23085 | Orc:2    | Bought a scroll of identify for 28 gold pieces
 23087 | Orc:2    | Bought a potion of ambrosia for 104 gold pieces
 23087 | Orc:2    | Bought a potion of heal wounds for 65 gold pieces
 23087 | Orc:2    | Bought a potion of lignification for 39 gold pieces
 23087 | Orc:2    | Bought 2 potions of curing for 78 gold pieces
 23087 | Orc:2    | Bought a potion of curing for 39 gold pieces
 23087 | Orc:2    | Bought a potion of curing for 39 gold pieces
 23087 | Orc:2    | Bought a potion of curing for 39 gold pieces
 23213 | D:9      | Killed Solx's ghost
 23505 | Snake:1  | Entered Level 1 of the Snake Pit
 23571 | Snake:1  | HP: 26/115 [black mamba[a naga ritualist] (6)]
 23572 | Snake:1  | HP: 9/115 [poisoned by a black mamba]
 23572 | Snake:1  | HP: 1/115 [black mamba[a naga ritualist] (6)]
 23572 | Snake:1  | Asphyxiated

Vanquished Creatures
  A frost giant (IceCv)
  A fire dragon (D:15)
  3 vault guards (D:13)
  The ghost of Solx the Skirmisher, a journeyman FoHu of Makhleb (D:9)
  A catoblepas (Lair:2)
  3 hydras
  2 boulder beetles (D:14)
  An anaconda (Snake:1)
  7 two-headed ogres
  5 death yaks
  4 centaur warriors
  3 orc high priests (Orc:2)
  A naga warrior (Snake:1)
  5 tengu warriors
  A shock serpent (shapeshifter) (D:15)
  4 skeletal warriors (D:14)
  A skyshark (Lair:5)
  A glowing orange brain (D:15)
  3 arcanists (D:13)
  A mana viper (Snake:1)
  A necromancer (D:13)
  2 cyclopes
  10 ugly things
  3 orc sorcerers (Orc:2)
  Maurice (Orc:2)
  8 orc knights
  A salamander (Lair:3)
  2 manticores (D:14)
  Joseph (D:10)
  6 black mambas
  A naga mage (Snake:1)
  An ice statue (IceCv)
  A meliai (shapeshifter) (D:15)
  A black mamba (shapeshifter) (D:14)
  4 elephants (Lair:2)
  A gargoyle (D:7)
  6 kobold blastminers
  2 torpor snails
  9 cane toads
  2 rime drakes
  8 komodo dragons
  2 unseen horrors
  A tengu conjurer (D:13)
  Psyche (D:10)
  6 hornets
  9 trolls
  12 polar bears
  Prince Ribbit (D:5)
  6 blink frogs (Lair:2)
  Grinder (D:3)
  A dream sheep (Lair:3)
  2 slime creatures
  A vampire (D:11)
  A shadow (D:9)
  68 yaks
  16 spriggans
  7 wraiths
  8 wyverns
  5 basilisks
  18 humans (D:13)
  4 wargs
  Grum (D:11)
  A steam dragon (Bailey)
  16 vampire mosquitoes
  Menkaure (D:4)
  3 nagas
  2 acid dragons
  9 water moccasins
  21 orc warriors
  3 ice beasts
  3 sky beasts
  4 black bears
  13 ogres
  5 boggarts (Lair:5)
  6 centaurs
  48 wolves
  2 phantoms
  A weeping skull (Ossuary)
  7 kobold brigands
  2 gnoll sergeants
  8 bullfrogs
  5 scorpions
  3 cane toad simulacra (Lair:3)
  4 wights (D:9)
  5 water moccasin zombies (Ossuary)
  A killer bee (D:9)
  2 electric eels
  4 howler monkeys
  A jelly (D:6)
  A bombardier beetle (D:5)
  2 hounds
  16 orc priests
  A spectral scorpion (Ossuary)
  A gnoll bouda (D:9)
  Ijyb (D:3)
  21 orc wizards
  2 iguanas
  2 crocodile zombies (Ossuary)
  2 mummies (Ossuary)
  Robin (D:2)
  19 gnolls
  5 adders
  4 river rats
  A shadow imp (D:6)
  3 white imps
  2 ufetubi (D:5)
  2 adder zombies (Ossuary)
  4 ribbon worms
  4 dart slugs
  66 orcs
  15 ball pythons
  3 endoplasms
  2 giant cockroaches (D:3)
  24 goblins
  7 hobgoblins
  5 jackals
  13 kobolds
  3 quokkas
  8 bats
  2 frilled lizards
  12 gnoll zombies (Ossuary)
  3 jackal zombies (Ossuary)
  5 orc zombies (Ossuary)
  16 rats
749 creatures vanquished.

Vanquished Creatures (others)
  An orc sorcerer (Orc:2)
  A shadow (D:7)
  A yak (D:7)
  2 orc warriors (Orc:2)
  An orc priest (Orc:2)
  An orc wizard (Orc:2)
  A white imp (D:7)
  5 orcs (Orc:2)
13 creatures vanquished.

Grand Total: 762 creatures vanquished

Table legend:
 A = Non-vault XP
 B = Vault XP
 C = Vault XP percentage of total XP
 D = Non-vault monster count
 E = Vault monster count
 F = Vault count percentage of total count
                 A         B        C        D         E       F
            +---------+---------+-------+---------+---------+-------
      Total |   69139 |   68499 |  49.8 |     415 |     336 |  44.7
            +---------+---------+-------+---------+---------+-------
        D:1 |      32 |       0 |   0.0 |      19 |       0 |   0.0
        D:2 |      20 |      29 |  59.2 |       9 |       8 |  47.1
        D:3 |     153 |     351 |  69.6 |      25 |      23 |  47.9
        D:4 |     305 |     305 |  50.0 |      25 |       2 |   7.4
        D:5 |     610 |     274 |  31.0 |      21 |       1 |   4.5
        D:6 |     948 |       0 |   0.0 |      16 |       0 |   0.0
        D:7 |     367 |    4841 |  93.0 |      13 |      28 |  68.3
        D:8 |    1091 |       8 |   0.7 |      25 |       4 |  13.8
        D:9 |    2408 |    2474 |  50.7 |      25 |      12 |  32.4
       D:10 |    3319 |     825 |  19.9 |      16 |       2 |  11.1
       D:11 |    2423 |     652 |  21.2 |      11 |       5 |  31.2
       D:12 |    4925 |       0 |   0.0 |      19 |       0 |   0.0
       D:13 |    4914 |    8837 |  64.3 |      15 |      25 |  62.5
       D:14 |    6949 |       0 |   0.0 |      13 |       0 |   0.0
       D:15 |    8149 |    5360 |  39.7 |      20 |       8 |  28.6
     Lair:1 |    1333 |       0 |   0.0 |       6 |       0 |   0.0
     Lair:2 |    5875 |    2742 |  31.8 |      23 |       5 |  17.9
     Lair:3 |    2196 |    3507 |  61.5 |      10 |      13 |  56.5
     Lair:4 |    2666 |    2975 |  52.7 |      15 |      14 |  48.3
     Lair:5 |    8681 |    9519 |  52.3 |      29 |      49 |  62.8
    Snake:1 |    4296 |       0 |   0.0 |       8 |       0 |   0.0
      Orc:1 |    2845 |       0 |   0.0 |      16 |       0 |   0.0
      Orc:2 |    4634 |    8822 |  65.6 |      36 |      28 |  43.8
      Sewer |       0 |     245 | 100.0 |       0 |      15 | 100.0
    Ossuary |       0 |     646 | 100.0 |       0 |      33 | 100.0
     Bailey |       0 |    2563 | 100.0 |       0 |      12 | 100.0
      IceCv |       0 |   13524 | 100.0 |       0 |      49 | 100.0
            +---------+---------+-------+---------+---------+-------

Skill      XL: |  1  2  3  4  5  6  7  8  9 10 11 12 13 14 15 |
---------------+----------------------------------------------+-----
Short Blades   | 1 2 3 4 5 6 7 8 9 10 11 12 | 12.4
Stealth        | 3 4 5 6 7 8 10 11 12 13 | 13.7
Fighting       | 1 2 3 4 5 6 7 8 9 |  9.7
Ice Magic      | 1 2 3 4 5 |  5.0
Spellcasting   | 3 4 5 6 7 8 9 |  9.2
Hexes          | 4 5 6 7 8 9 10 | 10.1
Armour         | 1 2 3 4 5 6 7 8 |  8.4
Dodging        | 3 4 5 6 |  6.4
Invocations    | 3 5 7 8 |  8.6

Action                     |  1- 3 |  4- 6 |  7- 9 | 10-12 | 13-15 || total
---------------------------+-------+-------+-------+-------+-------++-------
  Melee: Dagger            |   149 |   110 |   445 |   209 |       ||   913
         Punch             |     1 |     3 |     6 |    10 |    17 ||    37
         Rapier            |       |       |       |   377 |  1438 ||  1815
   Fire: Shortbow          |       |       |       |       |    15 ||    15
  Throw: Stone             |       |       |       |       |     1 ||     1
   Cast: Ensorcelled Hiber |     8 |     2 |    20 |    38 |    34 ||   102
         Confusing Touch   |       |     2 |     5 |    13 |    10 ||    30
         Sigil of Binding  |       |       |       |       |     1 ||     1
 Invoke: Shadow Form       |       |       |       |       |     3 ||     3
  Evoke: Wand              |       |       |       |       |     1 ||     1
    Use: Scroll            |     7 |     1 |     7 |    12 |     9 ||    36
         Potion            |       |       |       |     2 |     2 ||     4
   Stab: Sleeping          |     5 |     4 |    26 |    42 |    70 ||   147
         Confused          |       |     1 |     5 |    10 |     8 ||    24
         Distracted        |       |       |     1 |     2 |     1 ||     4
         Invisible         |       |       |       |     7 |    48 ||    55
 Armour: Robe              |    82 |    40 |    70 |       |       ||   192
         Ring mail         |       |       |    79 |   257 |   131 ||   467
         Ice dragon scales |       |       |       |       |   628 ||   628
  Dodge: Dodged            |    63 |    46 |   124 |   180 |   544 ||   957
  Block: Other             |    21 |    18 |   104 |   263 |   526 ||   932
         Reflection        |       |       |       |     7 |       ||     7

Illustrated notes

Table legend:
 A = Kills in this place as a percentage of kills in the entire game.
 B = Kills by you in this place as a percentage of kills by you in the entire game.
 C = Kills by friends in this place as a percentage of kills by friends in the entire game.
 D = Other kills in this place as a percentage of other kills in the entire game.
 E = Experience gained in this place as a percentage of experience gained in the entire game.
 F = Experience gained in this place divided by the number of levels of this place that you have seen.
                   A       B       C       D       E      F
               +-------+-------+-------+-------+-------+----------------------
         Total | 100.0 | 100.0 |   N/A | 100.0 | 100.0 | 5097.7
       Dungeon |  51.9 |  51.9 |   N/A |  66.7 |  44.0 | 4037.9
          Lair |  21.8 |  21.9 |   N/A |   0.0 |  28.7 | 7898.8
     Snake Pit |   1.1 |   1.1 |   N/A |   0.0 |   3.1 | 4296.0
  Orcish Mines |  10.7 |  10.6 |   N/A |  33.3 |  11.8 | 8150.5
         Sewer |   2.0 |   2.0 |   N/A |   0.0 |   0.2 | 245.0
       Ossuary |   4.4 |   4.4 |   N/A |   0.0 |   0.5 | 646.0
        Bailey |   1.6 |   1.6 |   N/A |   0.0 |   1.9 | 2563.0
      Ice Cave |   6.5 |   6.6 |   N/A |   0.0 |   9.8 | 13524.0
               +-------+-------+-------+-------+-------+----------------------

Table legend: (Time is in decaauts)
 A = Elapsed time spent in this place.
 B = Non-inter-level travel time spent in this place.
 C = Inter-level travel time spent in this place.
 D = Time resting spent in this place.
 E = Time spent auto-exploring this place.
 F = Levels seen in this place.
 G = Mean time per level.
                   A        B        C        D        E       F      G
               +--------+--------+--------+--------+--------+-----+--------+
         Total |  22884 |  21431 |   1453 |    649 |  15605 |  27 |  847.6 |
       Dungeon |  14192 |  13122 |   1070 |    373 |   9699 |  15 |  946.1 |
          Lair |   5226 |   4902 |    324 |    103 |   3748 |   5 | 1045.2 |
     Snake Pit |     70 |     70 |      0 |      0 |     14 |   1 |   70.0 |
  Orcish Mines |   1099 |   1041 |     58 |     14 |    782 |   2 |  549.5 |
         Sewer |    234 |    234 |      0 |      0 |    167 |   1 |  234.0 |
       Ossuary |    292 |    292 |      0 |     65 |    102 |   1 |  292.0 |
        Bailey |    468 |    468 |      0 |     87 |    154 |   1 |  468.0 |
      Ice Cave |   1300 |   1300 |      0 |      7 |    938 |   1 | 1300.0 |
               +--------+--------+--------+--------+--------+-----+--------+

Top non-repeatable levels by time:
     D:9: 1392 daAuts
   IceCv: 1300 daAuts
  Lair:5: 1255 daAuts
  Lair:2: 1241 daAuts
    D:14: 1213 daAuts
    D:13: 1147 daAuts
  Lair:3: 1107 daAuts
    D:10: 1086 daAuts
     D:7: 1086 daAuts
    D:12: 968 daAuts
     D:3: 961 daAuts
     D:8: 928 daAuts
     D:4: 919 daAuts
  Lair:1: 878 daAuts
     D:6: 845 daAuts
